 Dungeon Crawl Stone Soup version 0.28.0-43-g3370ac3207 (webtiles) character file.

Game seed: 525670879740821355

208 nickcage the Cudgeller (level 5, -4/32 HPs)
             Began as a Gargoyle Fighter on Mar 10, 2022.
             Slain by a river rat (6 damage)
             ... in a sewer.
             The game lasted 00:06:09 (2803 turns).

nickcage the Cudgeller (Gargoyle Fighter)           Turns: 2803, Time: 00:06:10

Health: -4/32      AC: 10    Str: 22    XL:     5   Next: 86%
Magic:  5/5        EV:  6    Int:  8    God:
Gold:   216        SH:  4    Dex:  9    Spells: 4/4 levels left

rFire   . . .      SeeInvis .   a - +0 flail
rCold   . . .      Faith    .   c - +0 buckler
rNeg    + . .      Spirit   .   b - +0 scale mail
rPois   ∞          Reflect  .   (no helmet)
rElec   +          Harm     .   (no cloak)
rCorr   .          Rampage  .   (no gloves)
Will    .....                   (no boots)
Stlth   ..........              (no amulet)
HPRegen 0.10/turn               (no ring)
MPRegen 0.09/turn               (no ring)

@: hasted, constricted, very quick
A: sickness immunity, AC +4, negative energy resistance 1, electricity
resistance, torment resistance 1, petrification resistance
a: no special abilities


You were in a sewer.
You visited 1 branch of the dungeon, and saw 3 of its levels.
You also visited: Sewer.

You collected 216 gold pieces.

Inventory:

Hand Weapons
 a - a +0 flail (weapon)
Missiles
 i - 23 stones (quivered)
Armour
 b - a +0 scale mail (worn)
 c - a +0 buckler (worn)
Scrolls
 d - a scroll of magic mapping {unknown}
 f - a scroll of blinking {unknown}
 g - 2 scrolls of identify {unknown}
 h - a scroll of silence {unknown}
 k - a scroll of enchant weapon {unknown}
Potions
 j - a potion of lignification {unknown}


   Skills:
 - Level 3.2 Fighting
 + Level 5.9 Maces & Flails
 - Level 3.2 Armour
 - Level 3.2 Shields


You had 4 spell levels left.
You didn't know any spells.
Your spell library contained the following spells:

 Spells                   Type           Power      Damage    Failure   Level
 Corpse Rot               Necr/Air       0%         N/A       92%         2
 Dispel Undead            Necr           0%         3d6       100%        4
 Death Channel            Necr           0%         N/A       100%        6


Dungeon Overview and Level Annotations

Branches:
Dungeon (3/15)              Sewer (1/1)

Altars:


Innate Abilities, Weirdness & Mutations

You are immune to sickness and miasma.
Your stone body is resilient. (AC +4)
You are immune to poison.
You resist negative energy. (rN+)
You are resistant to electric shocks. (rElec)
You are resistant to unholy torment.
You are immune to petrification.


Message History

You escape the ball python's grasp.
The ball python barely misses you. The ball python grabs you.
The ball python constricts you.
You escape the ball python's grasp.
You enter the shallow water.
Moving in this stuff is going to be slow.
The ball python barely misses you. The ball python grabs you.
The ball python constricts you.
You escape the ball python's grasp.
You enter the shallow water.
Moving in this stuff is going to be slow.
The ball python bites you but does no damage.
The ball python grabs you. The ball python constricts you.
* * * LOW HITPOINT WARNING * * *
You escape the ball python's grasp.
The ball python barely misses you. The ball python grabs you.
The ball python constricts you.
The ball python's grasp on you weakens, but your attempt to escape fails.
The ball python bites you but does no damage.
The ball python constricts you.
* * * LOW HITPOINT WARNING * * *
You escape the ball python's grasp.
The river rat twitches its whiskers.
You enter the shallow water.
Moving in this stuff is going to be slow.
You block the ball python's attack. The ball python grabs you.
The ball python constricts you.
The river rat bites you but does no damage.
You escape the ball python's grasp.
The river rat twitches its whiskers.
The ball python barely misses you. The ball python grabs you.
The ball python constricts you.
You sock the ball python!
You kill the ball python!
The ball python barely misses you. The ball python grabs you.
The ball python constricts you.
You closely miss the ball python. You block the ball python's attack.
The ball python constricts you.
* * * LOW HITPOINT WARNING * * *
The river rat bites you.
You die...

###########################
.≈≈≈.≈≈≈≈≈..≈.≈≈@r≈≈≈≈≈≈≈≈≈
≈≈≈≈≈≈≈≈≈≈≈≈≈≈≈≈Sr≈.≈≈≈≈≈≈≈
≈.≈≈≈≈≈≈≈≈≈≈≈...≈≈≈h≈≈≈≈≈≈≈
#################≈≈≈#######
###### ###### #≈≈≈# #....#
#!!..# #≈≈≈#
###''#####''#####≈≈≈#
....÷.........≈.≈≈≈.#
...............≈≈≈≈.#


You could see 2 river rats, a jackal and a ball python.

Vanquished Creatures
  A scorpion (D:3)
  4 river rats (Sewer)
  4 adders
  An adder skeleton (D:2)
  3 worms
  2 dart slugs
  8 bats
  5 endoplasms
  2 giant cockroaches
  3 hobgoblins
  5 jackals (D:2)
  7 kobolds
  4 quokkas
  10 ball pythons
  8 frilled lizards
  A goblin (D:1)
  5 rats
73 creatures vanquished.

Notes
Turn   | Place    | Note
-------+----------+-------------------------------------------
     0 | D:1      | nickcage the Gargoyle Fighter began the quest for the Orb.
     0 | D:1      | Reached XP level 1. HP: 14/14 MP: 1/1
   227 | D:1      | Found a faded altar of an unknown god.
   281 | D:1      | Reached XP level 2. HP: 15/19 MP: 2/2
   630 | D:2      | Reached skill level 3 in Maces & Flails
   787 | D:2      | Reached XP level 3. HP: 11/23 MP: 3/3
  1011 | D:2      | Reached skill level 4 in Maces & Flails
  1517 | D:3      | Reached XP level 4. HP: 25/28 MP: 4/4
  1599 | D:3      | Noticed a scorpion
  1608 | D:3      | Killed a scorpion
  1609 | D:3      | Reached skill level 5 in Maces & Flails
  1684 | D:3      | Reached XP level 5. HP: 14/32 MP: 5/5
  1738 | D:3      | Found a glowing drain.
  1753 | Sewer    | Entered a sewer
  2803 | Sewer    | Slain by a river rat

Illustrated notes

Levels and vault maps discovered:
D:1:      onia_arrival_mini_spirals, layout_rooms, ebering_ecumenical_altar_webs
D:2:      layout_basic
D:3:      layout_basic, cheibrodos_sewer_entry_drain
Sewer:    sewer_fruit_machine

Skill      XL: |  1  2  3  4 |
---------------+-------------+-----
Maces & Flails | 3 4 5 |  5.9
Fighting       | |  3.2
Armour         | |  3.2
Shields        | |  3.2

Action                   |  1- 3 |  4- 6 || total
-------------------------+-------+-------++-------
Melee: Flail             |   115 |   195 ||   310
  Use: Potion            |       |     2 ||     2
Armor: Scale mail        |    71 |   164 ||   235
Dodge: Dodged            |    63 |   144 ||   207
Block: Buckler           |    25 |    59 ||    84
